 Dungeon Crawl Stone Soup version 0.30.1-11-g7821555f0a (webtiles) character file.

Game seed: 11969843388944926659

35 lonewolfV2 the Shield-Bearer (level 3, -4/30 HPs)
             Began as a Formicid Fighter on Nov 15, 2023.
             Slain by Terence
             ... wielding a +5 mace of distortion
              (10 damage)
             ... on level 2 of the Dungeon.
             The game lasted 00:02:03 (1354 turns).

lonewolfV2 the Shield-Bearer (Formicid Fighter)     Turns: 1354, Time: 00:02:04

Health: -4/30      AC: 12    Str: 22    XL:     3   Next: 52%
Magic:  3/3        EV:  9    Int:  7    God:
Gold:   67         SH:  6    Dex: 13    Spells: 2/2 levels left

rFire   . . .        a - +0 war axe
rCold   . . .        c - +1 buckler
rNeg    . . .        b - +0 scale mail
rPois   .            (helmet unavailable)
rElec   .            (no cloak)
rCorr   .            (no gloves)
SInv    +            j - +0 pair of boots
Will    .....        (no amulet) Stlth
                     h - +4 ring of protection
HPRegen 0.25/turn    (no ring)
MPRegen 0.08/turn

%: no passive effects
@: no status effects
A: permanent stasis, dig shafts and tunnels, antennae 3, four strong arms
a: Dig, Shaft Self


You were on level 2 of the Dungeon.
You visited 1 branch of the dungeon, and saw 2 of its levels.

You collected 67 gold pieces.

Inventory:

Hand Weapons
 a - a +0 war axe (weapon)
Armour
 b - a +0 scale mail (worn)
 c - a +1 buckler (worn)
 j - a +0 pair of boots (worn)
Jewellery
 h - a +4 ring of protection (left hand)
Scrolls
 e - a scroll of immolation {unknown}
 i - a scroll of identify {unknown}
Potions
 d - a potion of might
 f - 2 potions of attraction {unknown}
 g - a potion of flight {unknown}


   Skills:
 + Level 3.9 Fighting
 * Level 2.9 Axes
 - Level 3.5 Armour
 - Level 4.0 Shields


You had 2 spell levels left.
You didn't know any spells.
Your spell library contained the following spells:

 Spells                   Type           Power      Damage    Failure   Level
 Freeze                   Ice            0%         1d3       82%         1
 Lesser Beckoning         Tloc           0%         N/A       91%         2
 Frozen Ramparts          Ice            0%         1d1       99%         3
 Gell's Gravitas          Tloc           0%         N/A       99%         3
 Hailstorm                Conj/Ice       0%         3d3       99%         3
 Teleport Other           Tloc           0%         N/A       99%         3


Dungeon Overview and Level Annotations

Branches:
Dungeon (2/15)

Altars:

Annotations:
D:2 Terence


Innate Abilities, Weirdness & Mutations

You cannot be hasted, slowed, berserked, paralysed or teleported.
You can dig through walls and to a lower floor.
You have a pair of large antennae on your head. (SInv)
Your four strong arms can wield two-handed weapons with a shield.


Message History

e - a scroll labelled NIOVUF BEGI
There is an open door here.
You now have 67 gold pieces (gained 3).
Could not explore, unopened door.
Could not explore, unopened door.
You open the door.
Found a dagger.
There is an open door here.
i - a scroll labelled ZUFES ISHRUIXAL A kobold comes into view.
It is wielding a +0 dagger.
The kobold shouts!
The kobold throws a stone.
The stone hits you but does no damage.
A kobold is nearby!
A kobold is nearby!
The kobold hits you but does no damage. The kobold hits you but does no damage.
You slash the kobold!
You kill the kobold!
A bat comes into view.
Things that are here:
a +0 dagger; 3 stones A bat is nearby!
A bat is nearby!
A bat is nearby!
You closely miss the bat. The bat hits you but does no damage. x2
The bat closely misses you.
You slash the bat!
You kill the bat!
No target in view!
No target in view!
Terence the Incautious comes into view.
He is wielding a +5 mace of distortion.
Terence shouts!
Terence hits you but does no damage. Space warps horribly around you!!
Ouch! That really hurt!
* * * LOW HITPOINT WARNING * * *
You hit Terence.
Terence is moderately wounded.
You block Terence's attack.
Terence hits you with a +5 mace of distortion!
You die...

.#'#........
+#.#........
...#........ ....
...#........ ....
...#........ .....
.).#....... ..... ...#
#+# ......
+#.########.######......
................@@......
.##..............#......
. #.########)....# .....
#.# #.....# .... #.#
#.....# ... #.# #.....#
.. #.# #.##### . #.# #.#
#. #.#


You could see Terence.

Vanquished Creatures
  2 ball pythons
  2 bats
  4 endoplasms (D:1)
  A giant cockroach (D:1)
  4 hobgoblins
  2 jackals (D:1)
  5 kobolds
  3 quokkas (D:1)
  A frilled lizard (D:1)
  3 goblins
  2 rats
29 creatures vanquished.

Notes
Turn   | Place    | Note
-------+----------+-------------------------------------------
     0 | D:1      | lonewolfV2 the Formicid Fighter began the quest for the
                  | Orb.
     0 | D:1      | Reached XP level 1. HP: 18/18 MP: 1/1
   152 | D:1      | Reached XP level 2. HP: 24/24 MP: 2/2
   683 | D:1      | Reached XP level 3. HP: 30/30 MP: 3/3
  1347 | D:2      | Noticed Terence
  1354 | D:2      | Slain by Terence

Illustrated notes

Levels and vault maps discovered:
D:1:      dpeg_arrival_arbitrary_a, layout_loops_corners
D:2:      kennysheep_six_static_rooms, layout_basic, serial_bayou_pond_e,
          uniq_terence

Action                     || total
---------------------------++-------
  Melee: War axe           ||    63
    Use: Scroll            ||     5
 Armour: Scale mail        ||    40
  Dodge: Dodged            ||    37
  Block: Buckler           ||    18
